Devils vs Flames
Created - December 30, 2018 at 09:52
Goals
|
| Devils |
1 |
0 |
2 |
3 |
| Flames |
1 |
2 |
1 |
4 |
|
Shots
|
| Devils |
15 |
8 |
8 |
31 |
| Flames |
13 |
8 |
17 |
38 |
|
1st period
1. Flames , Mikhail Grabovski 5 (Sami Vatanen 13) at 10:52
2. Devils , Jonathan Toews 10 (Jaden Schwartz 9, Tyler Cuma 11) at 19:45
Penalties :
Eric Staal (Cal) for Holding (Minor) at 8:03, Erik Johnson (Cal) for Goalie Interference (Minor) at 15:36
2nd period
3. Flames , David Backes 13 (Eric Staal 18, Alexander Semin 7) at 0:49
4. Flames , Steve Regier 5 (Jonathan Ferland 4, David Backes 27) at 7:40
Penalties :
Scott Gomez (NJD) for Delaying the game (Minor) at 8:24, Jaden Schwartz (NJD) for Elbowing (Minor) at 17:15
3rd period
5. Devils , Patrick Kane 26 (Taylor Hall 26) at 8:06 (PP)
6. Devils , Dmitry Kulikov 4 (Tyler Cuma 12) at 14:23 (PP)
7. Flames , Eric Staal 19 (David Backes 28, Erik Johnson 21) at 14:33
Penalties :
Steve Eminger (Cal) for Holding (Minor) at 8:01, David Ullstrom (Cal) for Tripping (Minor) at 13:48
Goalie Stats
Ryan Miller (NJD), 34 saves from 38 shots - (0.895), L, 13-12-2, 58:48 minutes
Jonas Gustavsson (Cal), 28 saves from 31 shots - (0.903), W, 8-5-0, 60:00 minutes
Players Stats for Devils
Player Name G A P +/- PIM S H SB GA TA FO MP PP MP PK MP
------------------------------------------------------------------------------------
Anthony Stewart 0 0 0 0 0 0 1 0 0 0 1/1 9:51 0:00 1:30
Ben Lovejoy 0 0 0 -1 0 1 2 3 1 0 0/0 20:17 2:04 2:27
Colton Parayko 0 0 0 0 0 1 2 0 0 0 0/0 11:50 0:00 0:00
Dmitry Kulikov 1 0 1 0 0 3 0 2 0 0 0/0 19:19 2:34 1:31
Jaden Schwartz 0 1 1 -1 2 0 2 1 2 1 0/0 15:31 1:19 0:00
Jonathan Toews 1 0 1 -1 0 3 4 0 0 0 4/11 16:35 1:56 0:42
Kellan Lain 0 0 0 0 0 0 1 0 0 0 0/0 12:13 0:00 0:15
Matt Duchene 0 0 0 -2 0 4 0 1 0 0 6/24 20:07 1:56 0:55
Nikita Kucherov 0 0 0 0 0 1 0 1 0 0 0/0 13:57 1:56 0:00
Ondrej Palat 0 0 0 0 0 2 1 0 0 0 0/0 9:37 0:30 0:59
Patrick Kane 1 0 1 -2 0 4 2 0 1 1 1/4 20:17 2:42 0:30
Ryan O'Byrne 0 0 0 -2 0 2 0 2 0 1 0/0 22:56 0:00 2:27
Scott Gomez 0 0 0 0 2 4 2 0 1 0 3/8 14:42 0:53 1:17
Steve Downie 0 0 0 -1 0 1 1 1 0 1 1/2 15:45 0:00 1:48
Taylor Hall 0 1 1 -2 0 3 0 0 0 0 0/0 19:47 2:42 0:00
Travis Hamonic 0 0 0 -1 0 1 2 4 1 1 0/0 21:34 2:04 1:31
Tyler Bozak 0 0 0 0 0 0 2 0 0 0 1/3 7:38 0:00 0:00
Tyler Cuma 0 2 2 -2 0 1 0 0 1 1 0/0 24:04 2:34 0:00
Players Stats for Flames
Player Name G A P +/- PIM S H SB GA TA FO MP PP MP PK MP
------------------------------------------------------------------------------------
Alexander Semin 0 1 1 2 0 1 5 0 0 1 0/1 19:10 2:04 0:00
Brad Marchand 0 0 0 0 0 5 1 1 0 0 0/0 15:46 0:11 2:21
Brendan Mikkelson 0 0 0 2 0 1 0 3 1 2 0/0 16:30 0:00 1:49
Colin Wilson 0 0 0 0 0 3 0 0 0 0 7/9 13:20 0:00 0:12
David Backes 1 2 3 2 0 3 0 0 1 1 0/0 19:28 2:04 0:00
David Ullstrom 0 0 0 -1 2 2 1 0 0 0 1/1 13:53 0:11 0:00
Derek Meech 0 0 0 1 0 0 1 1 1 1 0/0 22:22 1:41 2:49
Eric Staal 1 1 2 2 2 4 2 0 0 0 18/24 20:34 2:04 1:24
Erik Johnson 0 1 1 0 2 2 1 0 2 1 0/0 21:24 2:17 0:05
Jonathan Ferland 0 1 1 2 0 1 1 0 0 0 0/0 8:12 0:11 0:45
Jordin Tootoo 0 0 0 -1 0 1 2 0 0 0 0/0 17:36 1:43 2:17
Mikhail Grabovski 1 0 1 2 0 1 0 0 0 0 2/7 9:39 0:00 2:17
Patrik Berglund 0 0 0 -1 0 3 0 0 1 0 8/11 15:25 1:43 0:00
Peter Prucha 0 0 0 0 0 2 2 0 0 0 0/0 13:08 0:00 0:00
Sami Vatanen 0 1 1 0 0 4 1 2 0 0 0/0 21:08 2:17 0:00
Steve Eminger 0 0 0 2 2 1 0 3 0 1 0/0 18:22 0:00 2:44
Steve Regier 1 0 1 2 0 1 2 0 0 0 0/0 8:57 1:43 0:00
Tom Poti 0 0 0 1 0 3 1 0 0 0 0/0 20:24 1:41 1:49
3 Stars
1 - David Backes (Cal)
2 - Eric Staal (Cal)
3 - Steve Regier (Cal)
Power Play
Devils - 2 on 4 Attempt(s) - 50.00%
Flames - 0 on 2 Attempt(s) - 0.00%
Penalty Kill
Devils - 2 on 2 Attempt(s) - 100.00%
- Score 0 goal in Penalty Kill
Flames - 2 on 4 Attempt(s) - 50.00%
- Score 0 goal in Penalty Kill
Team Stat
Devils - Hits : 22 - Faceoff Wins : 17 - Blocked Shots : 15 - Penalty Minutes : 4
Flames - Hits : 20 - Faceoff Wins : 36 - Blocked Shots : 10 - Penalty Minutes : 8
Official
Referees : Unknown
Linesman : Unknown
Game Notes
No Game Note
Finance
Level 1 -- Attendance: 5654 (94.23%) -- Ticket Income $514,514
Level 2 -- Attendance: 4364 (87.28%) -- Ticket Income $248,748
Level 3 -- Attendance: 1807 (90.35%) -- Ticket Income $66,859
Level 4 -- Attendance: 3618 (90.45%) -- Ticket Income $97,686
Luxury Box -- Attendance: 998 (99.80%) -- Ticket Income $161,676
Game was played at the Metal Center.
Total Attendance: 16441 (91.34%)
Total Ticket Income: $1,089,483
Other Income: $163,422
Total Income: $1,252,905
Devils
5 vs 5 Forward
Center Left Wing Right Wing Time % Phy DF OF
1 Matt Duchene Taylor Hall Patrick Kane 40 0 2 3
2 Jonathan Toews Jaden Schwartz Steve Downie 30 0 2 3
3 Scott Gomez Kellan Lain Nikita Kucherov 20 0 2 3
4 Tyler Bozak Ondrej Palat Anthony Stewart 10 0 3 2
5 vs 5 Defense
Defense Defense Time % Phy DF OF
1 Ryan O'Byrne Tyler Cuma 40 0 3 2
2 Ben Lovejoy Travis Hamonic 30 0 3 2
3 Dmitry Kulikov Colton Parayko 20 0 3 2
4 Travis Hamonic Dmitry Kulikov 10 0 3 2
PowerPlay Forward
Center Left Wing Right Wing Time % Phy DF OF
1 Jonathan Toews Taylor Hall Patrick Kane 60 0 2 3
2 Matt Duchene Jaden Schwartz Nikita Kucherov 40 0 2 3
PowerPlay Defense
Defense Defense Time % Phy DF OF
1 Tyler Cuma Dmitry Kulikov 60 1 2 2
2 Travis Hamonic Ben Lovejoy 40 1 2 2
Penalty Kill 4 Players Forward
Center Wing Time % Phy DF OF
1 Scott Gomez Steve Downie 60 0 4 1
2 Jonathan Toews Patrick Kane 40 0 4 1
Penalty Kill 4 Players Defense
Defense Defense Time % Phy DF OF
1 Ryan O'Byrne Ben Lovejoy 60 1 2 2
2 Travis Hamonic Dmitry Kulikov 40 1 2 2
Penalty Kill - 3 Players Forward
Forward Time % Phy DF OF
1 Scott Gomez 60 1 2 2
2 Taylor Hall 40 1 2 2
Penalty Kill - 3 Players Defense
Defense Defense Time % Phy DF OF
1 Travis Hamonic Dmitry Kulikov 60 1 2 2
2 Ben Lovejoy Ryan O'Byrne 40 1 2 2
4 vs 4 Forward
Center Wing Time % Phy DF OF
1 Jonathan Toews Steve Downie 60 1 2 2
2 Matt Duchene Taylor Hall 40 1 2 2
4 vs 4 Defense
Defense Defense Time % Phy DF OF
1 Travis Hamonic Ben Lovejoy 60 1 2 2
2 Colton Parayko Ryan O'Byrne 40 1 2 2
Last Minutes Offensive
Center Left Wing Right Wing Defense Defense
Matt Duchene Taylor Hall Patrick Kane Tyler Cuma Ben Lovejoy
Last Minutes Defensive
Center Left Wing Right Wing Defense Defense
Matt Duchene Taylor Hall Patrick Kane Travis Hamonic Ben Lovejoy
Goaltenders
Starting : Ryan Miller
Backup : Keith Kinkaid
Extra Forwards
Normal : Scott Gomez, Ondrej Palat, Anthony Stewart - PP : Scott Gomez, Ondrej Palat - PK : Anthony Stewart
Extra Defensemen
Normal : Dmitry Kulikov, Tyler Cuma, Colton Parayko - PP : Dmitry Kulikov - PK : Tyler Cuma, Colton Parayko
Penalty Shots
Patrick Kane, Taylor Hall, Matt Duchene, Nikita Kucherov, Jonathan Toews
Scratches
Brandon Bollig (Healthy)
Flames
5 vs 5 Forward
Center Left Wing Right Wing Time % Phy DF OF
1 Eric Staal Alexander Semin David Backes 40 0 1 4
2 Patrik Berglund David Ullstrom Jordin Tootoo 33 0 1 4
3 Colin Wilson Brad Marchand Peter Prucha 19 0 1 4
4 Mikhail Grabovski Steve Regier Jonathan Ferland 8 0 4 1
5 vs 5 Defense
Defense Defense Time % Phy DF OF
1 Erik Johnson Sami Vatanen 38 1 3 1
2 Derek Meech Tom Poti 29 1 3 1
3 Brendan Mikkelson Steve Eminger 23 1 3 1
4 Derek Meech Tom Poti 10 1 3 1
PowerPlay Forward
Center Left Wing Right Wing Time % Phy DF OF
1 Eric Staal Alexander Semin David Backes 60 1 0 4
2 Patrik Berglund Steve Regier Jordin Tootoo 40 1 0 4
PowerPlay Defense
Defense Defense Time % Phy DF OF
1 Erik Johnson Sami Vatanen 60 1 1 3
2 Derek Meech Tom Poti 40 1 1 3
Penalty Kill 4 Players Forward
Center Wing Time % Phy DF OF
1 Mikhail Grabovski Jordin Tootoo 50 1 4 0
2 Eric Staal Brad Marchand 50 1 4 0
Penalty Kill 4 Players Defense
Defense Defense Time % Phy DF OF
1 Derek Meech Steve Eminger 58 1 4 0
2 Brendan Mikkelson Tom Poti 42 1 4 0
Penalty Kill - 3 Players Forward
Forward Time % Phy DF OF
1 Eric Staal 50 1 4 0
2 David Backes 50 1 4 0
Penalty Kill - 3 Players Defense
Defense Defense Time % Phy DF OF
1 Derek Meech Steve Eminger 58 1 4 0
2 Brendan Mikkelson Tom Poti 42 1 4 0
4 vs 4 Forward
Center Wing Time % Phy DF OF
1 Eric Staal David Backes 60 1 2 2
2 Patrik Berglund Alexander Semin 40 1 2 2
4 vs 4 Defense
Defense Defense Time % Phy DF OF
1 Erik Johnson Sami Vatanen 60 1 2 2
2 Derek Meech Tom Poti 40 1 2 2
Last Minutes Offensive
Center Left Wing Right Wing Defense Defense
Eric Staal Alexander Semin David Backes Erik Johnson Sami Vatanen
Last Minutes Defensive
Center Left Wing Right Wing Defense Defense
Eric Staal Alexander Semin David Backes Derek Meech Steve Eminger
Goaltenders
Starting : Jonas Gustavsson
Backup : Pekka Rinne
Extra Forwards
Normal : Brad Marchand, Jordin Tootoo, Patrik Berglund - PP : Jordin Tootoo, Brad Marchand - PK : Jonathan Ferland
Extra Defensemen
Normal : Derek Meech, Steve Eminger, Brendan Mikkelson - PP : Derek Meech - PK : Erik Johnson, Brendan Mikkelson
Penalty Shots
Eric Staal, Alexander Semin, David Backes, Steve Regier, Patrik Berglund
Scratches
None
% Time on Ice - Devils
Lines # - Real PCT - Wanted PCT - Time Play
Normal Forward
1 - 32% - 40% - 16:19
2 - 29% - 30% - 14:38
3 - 24% - 20% - 11:58
4 - 15% - 10% - 7:38
Normal Defense
1 - 41% - 40% - 20:44
2 - 30% - 30% - 14:59
3 - 23% - 20% - 11:50
4 - 6% - 10% - 3:00
PP Forward
1 - 58% - 60% - 2:42
2 - 42% - 40% - 1:56
PP Defense
1 - 55% - 60% - 2:34
2 - 45% - 40% - 2:04
PK Forward
1 - 87% - 60% - 3:28
2 - 13% - 40% - 0:30
PK Defense
1 - 62% - 60% - 2:27
2 - 38% - 40% - 1:31
PK3 Forward
1 - 0% - 60%
2 - 0% - 40%
PK3 Defense
1 - 0% - 60%
2 - 0% - 40%
44 Forward
1 - 0% - 60%
2 - 0% - 40%
44 Defense
1 - 0% - 60%
2 - 0% - 40%
Last Minute Offensive - 0:51
Last Minute Defensive - 0:00
Total
Forward - 60:00
Defense - 60:00
|
% Time on Ice - Flames
Lines # - Real PCT - Wanted PCT - Time Play
Normal Forward
1 - 32% - 40% - 16:04
2 - 28% - 33% - 13:48
3 - 26% - 19% - 13:08
4 - 14% - 8% - 7:10
Normal Defense
1 - 37% - 38% - 18:48
2 - 28% - 29% - 14:06
3 - 29% - 23% - 14:28
4 - 6% - 10% - 2:48
PP Forward
1 - 57% - 60% - 2:15
2 - 43% - 40% - 1:43
PP Defense
1 - 58% - 60% - 2:17
2 - 42% - 40% - 1:41
PK Forward
1 - 49% - 50% - 2:17
2 - 51% - 50% - 2:21
PK Defense
1 - 61% - 58% - 2:49
2 - 39% - 42% - 1:49
PK3 Forward
1 - 0% - 50%
2 - 0% - 50%
PK3 Defense
1 - 0% - 58%
2 - 0% - 42%
44 Forward
1 - 0% - 60%
2 - 0% - 40%
44 Defense
1 - 0% - 60%
2 - 0% - 40%
Last Minute Offensive - 0:00
Last Minute Defensive - 1:14
Total
Forward - 60:00
Defense - 60:00
|
Play by Play
1st period
0:01 of 1st period - Eric Staal wins face-off versus Matt Duchene in neutral zone.
0:26 of 1st period - Erik Johnson is hit by Jaden Schwartz.
0:39 of 1st period - Steve Downie is hit by Derek Meech and loses puck.
0:52 of 1st period - Tyler Cuma is hit by Brad Marchand and loses puck.
1:17 of 1st period - Slapshot by Steve Regier.
1:17 of 1st period - Shot Misses the Net.
1:19 of 1st period - Wrist shot by Steve Regier.
1:19 of 1st period - Shot Misses the Net.
1:37 of 1st period - Wrist shot by Matt Duchene.
1:37 of 1st period - Stopped by Jonas Gustavsson without a rebound.
1:38 of 1st period - Patrik Berglund wins face-off versus Jonathan Toews in Flames zone.
1:49 of 1st period - Snap shot by Jordin Tootoo.
1:49 of 1st period - Stopped by Ryan Miller with a rebound.
2:05 of 1st period - Taylor Hall is hit by Eric Staal and loses puck.
2:32 of 1st period - Slapshot by Steve Regier.
2:32 of 1st period - Shot Misses the Net.
2:34 of 1st period - Snap shot by Erik Johnson.
2:34 of 1st period - Stopped by Ryan Miller without a rebound.
2:35 of 1st period - Colin Wilson wins face-off versus Scott Gomez in Devils zone.
2:50 of 1st period - Backhand shot by Colin Wilson.
2:50 of 1st period - Shot Misses the Net.
3:00 of 1st period - Sami Vatanen is hit by Colton Parayko and loses puck.
3:50 of 1st period - Colton Parayko is hit by Jordin Tootoo and loses puck.
4:13 of 1st period - Steve Eminger is hit by Scott Gomez and loses puck.
4:31 of 1st period - Wrist shot by Steve Downie.
4:31 of 1st period - Shot Blocked by Steve Eminger.
4:33 of 1st period - Slapshot by Ben Lovejoy.
4:33 of 1st period - Stopped by Jonas Gustavsson with a rebound.
4:47 of 1st period - Snap shot by Taylor Hall.
4:47 of 1st period - Stopped by Jonas Gustavsson with a rebound.
4:49 of 1st period - Slapshot by Ryan O'Byrne.
4:49 of 1st period - Stopped by Jonas Gustavsson with a rebound.
5:26 of 1st period - Icing by Derek Meech.
5:27 of 1st period - Colin Wilson wins face-off versus Scott Gomez in Flames zone.
5:36 of 1st period - Wrist shot by Colin Wilson.
5:36 of 1st period - Shot Blocked by Travis Hamonic.
5:42 of 1st period - Tom Poti is hit by Travis Hamonic and loses puck.
6:17 of 1st period - Slapshot by Matt Duchene.
6:17 of 1st period - Stopped by Jonas Gustavsson without a rebound.
6:18 of 1st period - Patrik Berglund wins face-off versus Matt Duchene in Flames zone.
6:30 of 1st period - Off-side.
6:31 of 1st period - Eric Staal wins face-off versus Jonathan Toews in neutral zone.
6:40 of 1st period - Wrist shot by Eric Staal.
6:40 of 1st period - Stopped by Ryan Miller without a rebound.
6:41 of 1st period - Eric Staal wins face-off versus Jonathan Toews in Devils zone.
6:52 of 1st period - Wrist shot by David Backes.
6:52 of 1st period - Shot Blocked by Jaden Schwartz.
6:58 of 1st period - Wrist shot by Eric Staal.
6:58 of 1st period - Shot Blocked by Steve Downie.
7:00 of 1st period - Slapshot by David Backes.
7:00 of 1st period - Stopped by Ryan Miller with a rebound.
7:10 of 1st period - Snap shot by David Backes.
7:10 of 1st period - Shot Misses the Net.
7:12 of 1st period - Slapshot by Sami Vatanen.
7:12 of 1st period - Shot Misses the Net.
8:03 of 1st period - Minor Penalty to Eric Staal for Holding.
8:04 of 1st period - Scott Gomez wins face-off versus Mikhail Grabovski in Flames zone.
9:44 of 1st period - Slapshot by Jordin Tootoo.
9:44 of 1st period - Shot Misses the Net.
10:03 of 1st period - Penalty to Eric Staal is over, Eric Staal is back on ice.
10:52 of 1st period - Wrist shot by Mikhail Grabovski.
10:52 of 1st period - Goal by Mikhail Grabovski - Devils : 0 - Flames : 1.
10:53 of 1st period - Matt Duchene wins face-off versus Patrik Berglund in neutral zone.
11:01 of 1st period - Derek Meech is hit by Patrick Kane and loses puck.
11:20 of 1st period - Scott Gomez is hit by Eric Staal and loses puck.
12:07 of 1st period - Snap shot by Jonathan Toews.
12:07 of 1st period - Shot Blocked by Brendan Mikkelson.
12:09 of 1st period - Snap shot by Steve Downie.
12:09 of 1st period - Deflect By Jaden Schwartz.
12:09 of 1st period - Shot Misses the Net.
12:09 of 1st period - Puck is out of play.
12:10 of 1st period - Mikhail Grabovski wins face-off versus Matt Duchene in Flames zone.
12:21 of 1st period - Snap shot by Mikhail Grabovski.
12:21 of 1st period - Shot Blocked by Matt Duchene.
12:23 of 1st period - Slapshot by Sami Vatanen.
12:23 of 1st period - Stopped by Ryan Miller with a rebound.
12:49 of 1st period - Slapshot by Patrik Berglund.
12:49 of 1st period - Stopped by Ryan Miller with a rebound.
13:17 of 1st period - Backhand shot by Nikita Kucherov.
13:17 of 1st period - Stopped by Jonas Gustavsson with a rebound.
13:19 of 1st period - Slapshot by Tyler Cuma.
13:19 of 1st period - Shot Misses the Net.
13:21 of 1st period - Slapshot by Ryan O'Byrne.
13:21 of 1st period - Stopped by Jonas Gustavsson with a rebound.
13:23 of 1st period - Snap shot by Scott Gomez.
13:23 of 1st period - Stopped by Jonas Gustavsson without a rebound.
13:24 of 1st period - Patrik Berglund wins face-off versus Matt Duchene in Flames zone.
13:51 of 1st period - Jaden Schwartz is hit by Alexander Semin and loses puck.
14:19 of 1st period - Snap shot by Brad Marchand.
14:19 of 1st period - Stopped by Ryan Miller without a rebound.
14:20 of 1st period - Colin Wilson wins face-off versus Tyler Bozak in Devils zone.
14:35 of 1st period - Snap shot by Tyler Bozak.
14:35 of 1st period - Shot Blocked by Brad Marchand.
15:15 of 1st period - Snap shot by Colin Wilson.
15:15 of 1st period - Stopped by Ryan Miller without a rebound.
15:16 of 1st period - Patrik Berglund wins face-off versus Matt Duchene in Devils zone.
15:17 of 1st period - Snap shot by Jordin Tootoo.
15:17 of 1st period - Shot Misses the Net.
15:19 of 1st period - Slapshot by Sami Vatanen.
15:19 of 1st period - Shot Blocked by Travis Hamonic.
15:21 of 1st period - Snap shot by Sami Vatanen.
15:21 of 1st period - Stopped by Ryan Miller with a rebound.
15:25 of 1st period - Snap shot by Patrik Berglund.
15:25 of 1st period - Stopped by Ryan Miller without a rebound.
15:26 of 1st period - David Ullstrom wins face-off versus Matt Duchene in Devils zone.
15:36 of 1st period - Minor Penalty to Erik Johnson for Goalie Interference.
15:37 of 1st period - Eric Staal wins face-off versus Jonathan Toews in Flames zone.
16:19 of 1st period - Snap shot by Taylor Hall.
16:19 of 1st period - Stopped by Jonas Gustavsson with a rebound.
16:25 of 1st period - Slapshot by Patrick Kane.
16:25 of 1st period - Stopped by Jonas Gustavsson with a rebound.
16:27 of 1st period - Wrist shot by Jonathan Toews.
16:27 of 1st period - Stopped by Jonas Gustavsson with a rebound.
16:29 of 1st period - Wrist shot by Taylor Hall.
16:29 of 1st period - Shot Misses the Net.
16:31 of 1st period - Backhand shot by Tyler Cuma.
16:31 of 1st period - Stopped by Jonas Gustavsson with a rebound.
16:41 of 1st period - Slapshot by Taylor Hall.
16:41 of 1st period - Stopped by Jonas Gustavsson without a rebound.
16:42 of 1st period - Matt Duchene wins face-off versus Mikhail Grabovski in Flames zone.
17:36 of 1st period - Penalty to Erik Johnson is over, Erik Johnson is back on ice.
17:50 of 1st period - Off-side.
17:51 of 1st period - Eric Staal wins face-off versus Tyler Bozak in neutral zone.
18:22 of 1st period - Wrist shot by Patrik Berglund.
18:22 of 1st period - Stopped by Ryan Miller without a rebound.
18:23 of 1st period - Colin Wilson wins face-off versus Matt Duchene in Devils zone.
19:08 of 1st period - Slapshot by Ondrej Palat.
19:08 of 1st period - Shot Misses the Net.
19:10 of 1st period - Snap shot by Ondrej Palat.
19:10 of 1st period - Deflect By Tom Poti.
19:10 of 1st period - Stopped by Jonas Gustavsson without a rebound.
19:11 of 1st period - Tyler Bozak wins face-off versus Mikhail Grabovski in Flames zone.
19:18 of 1st period - Wrist shot by Anthony Stewart.
19:18 of 1st period - Deflect By Ondrej Palat.
19:18 of 1st period - Shot Misses the Net.
19:18 of 1st period - Puck is out of play.
19:19 of 1st period - Eric Staal wins face-off versus Patrick Kane in Flames zone.
19:35 of 1st period - Off-side.
19:36 of 1st period - Jonathan Toews wins face-off versus Patrik Berglund in neutral zone.
19:41 of 1st period - Slapshot by Tyler Cuma.
19:41 of 1st period - Shot Misses the Net.
19:43 of 1st period - Wrist shot by Jaden Schwartz.
19:43 of 1st period - Shot Misses the Net.
19:45 of 1st period - Snap shot by Jonathan Toews.
19:45 of 1st period - Goal by Jonathan Toews - Devils : 1 - Flames : 1.
19:46 of 1st period - Eric Staal wins face-off versus Matt Duchene in neutral zone.
19:49 of 1st period - Snap shot by Eric Staal.
19:49 of 1st period - Stopped by Ryan Miller without a rebound.
19:50 of 1st period - Eric Staal wins face-off versus Matt Duchene in Devils zone.
Goals for this period are 1 for Devils vs 1 for Flames.
Shots for this period are 15 for Devils vs 13 for Flames.
2nd period
0:01 of 2nd period - Eric Staal wins face-off versus Matt Duchene in neutral zone.
0:49 of 2nd period - Snap shot by David Backes.
0:49 of 2nd period - Goal by David Backes - Devils : 1 - Flames : 2.
0:50 of 2nd period - Patrik Berglund wins face-off versus Patrick Kane in neutral zone.
1:23 of 2nd period - Wrist shot by Brad Marchand.
1:23 of 2nd period - Stopped by Ryan Miller with a rebound.
1:29 of 2nd period - Brad Marchand is hit by Kellan Lain.
2:20 of 2nd period - Mikhail Grabovski is hit by Travis Hamonic.
2:57 of 2nd period - Nikita Kucherov is hit by Alexander Semin.
3:11 of 2nd period - Slapshot by Steve Downie.
3:11 of 2nd period - Shot Misses the Net.
3:13 of 2nd period - Slapshot by Tyler Cuma.
3:13 of 2nd period - Shot Misses the Net.
3:15 of 2nd period - Snap shot by Jaden Schwartz.
3:15 of 2nd period - Shot Misses the Net.
3:17 of 2nd period - Slapshot by Tyler Cuma.
3:17 of 2nd period - Shot Blocked by Derek Meech.
3:23 of 2nd period - Steve Downie is hit by Tom Poti.
3:43 of 2nd period - Patrick Kane is hit by Jordin Tootoo.
3:53 of 2nd period - Tyler Bozak is hit by Jonathan Ferland and loses puck.
4:00 of 2nd period - Steve Regier is hit by Tyler Bozak and loses puck.
4:18 of 2nd period - Wrist shot by Alexander Semin.
4:18 of 2nd period - Stopped by Ryan Miller with a rebound.
4:39 of 2nd period - Steve Eminger is hit by Colton Parayko and loses puck.
5:00 of 2nd period - Brendan Mikkelson is hit by Jonathan Toews and loses puck.
5:58 of 2nd period - Dmitry Kulikov is hit by David Ullstrom and loses puck.
6:17 of 2nd period - Snap shot by Kellan Lain.
6:17 of 2nd period - Shot Blocked by Sami Vatanen.
6:19 of 2nd period - Snap shot by Kellan Lain.
6:19 of 2nd period - Shot Misses the Net.
6:21 of 2nd period - Slapshot by Colton Parayko.
6:21 of 2nd period - Shot Misses the Net.
6:23 of 2nd period - Slapshot by Colton Parayko.
6:23 of 2nd period - Stopped by Jonas Gustavsson with a rebound.
6:25 of 2nd period - Slapshot by Dmitry Kulikov.
6:25 of 2nd period - Stopped by Jonas Gustavsson without a rebound.
6:26 of 2nd period - Colin Wilson wins face-off versus Matt Duchene in Flames zone.
6:53 of 2nd period - Jordin Tootoo is hit by Jonathan Toews and loses puck.
7:14 of 2nd period - Ondrej Palat is hit by Alexander Semin and loses puck.
7:40 of 2nd period - Wrist shot by Steve Regier.
7:40 of 2nd period - Goal by Steve Regier - Devils : 1 - Flames : 3.
7:41 of 2nd period - Patrik Berglund wins face-off versus Matt Duchene in neutral zone.
8:24 of 2nd period - Minor Penalty to Scott Gomez for Delaying the game.
8:25 of 2nd period - Anthony Stewart wins face-off versus Alexander Semin in Devils zone.
10:19 of 2nd period - Sami Vatanen is hit by Anthony Stewart and loses puck.
10:24 of 2nd period - Penalty to Scott Gomez is over, Scott Gomez is back on ice.
10:32 of 2nd period - Snap shot by Scott Gomez.
10:32 of 2nd period - Stopped by Jonas Gustavsson without a rebound.
10:33 of 2nd period - Scott Gomez wins face-off versus Colin Wilson in Flames zone.
11:33 of 2nd period - Slapshot by Steve Downie.
11:33 of 2nd period - Stopped by Jonas Gustavsson without a rebound.
11:34 of 2nd period - Colin Wilson wins face-off versus Steve Downie in Flames zone.
11:34 of 2nd period - Colin Wilson is hit by Jaden Schwartz.
13:01 of 2nd period - Ryan O'Byrne is hit by Erik Johnson.
13:33 of 2nd period - Matt Duchene is hit by Sami Vatanen and loses puck.
13:50 of 2nd period - Snap shot by Nikita Kucherov.
13:50 of 2nd period - Deflect By Scott Gomez.
13:50 of 2nd period - Stopped by Jonas Gustavsson with a rebound.
14:16 of 2nd period - Wrist shot by Steve Regier.
14:16 of 2nd period - Shot Blocked by Dmitry Kulikov.
14:30 of 2nd period - Snap shot by Steve Downie.
14:30 of 2nd period - Shot Blocked by Brendan Mikkelson.
14:32 of 2nd period - Wrist shot by Jaden Schwartz.
14:32 of 2nd period - Deflect By Colin Wilson.
14:32 of 2nd period - Shot Misses the Net.
14:32 of 2nd period - Puck is out of play.
14:33 of 2nd period - Eric Staal wins face-off versus Jonathan Toews in Flames zone.
14:33 of 2nd period - Eric Staal is hit by Jonathan Toews.
14:45 of 2nd period - Snap shot by David Backes.
14:45 of 2nd period - Shot Misses the Net.
14:47 of 2nd period - Slapshot by Tom Poti.
14:47 of 2nd period - Stopped by Ryan Miller with a rebound.
16:05 of 2nd period - Snap shot by Alexander Semin.
16:05 of 2nd period - Shot Blocked by Dmitry Kulikov.
16:23 of 2nd period - Snap shot by David Ullstrom.
16:23 of 2nd period - Stopped by Ryan Miller without a rebound.
16:24 of 2nd period - Matt Duchene wins face-off versus Patrik Berglund in Devils zone.
16:49 of 2nd period - Wrist shot by Patrick Kane.
16:49 of 2nd period - Stopped by Jonas Gustavsson with a rebound.
16:51 of 2nd period - Snap shot by Taylor Hall.
16:51 of 2nd period - Shot Misses the Net.
16:53 of 2nd period - Slapshot by Matt Duchene.
16:53 of 2nd period - Shot Misses the Net.
16:55 of 2nd period - Snap shot by Ben Lovejoy.
16:55 of 2nd period - Shot Misses the Net.
16:57 of 2nd period - Wrist shot by Patrick Kane.
16:57 of 2nd period - Stopped by Jonas Gustavsson with a rebound.
16:59 of 2nd period - Snap shot by Taylor Hall.
16:59 of 2nd period - Deflect By Matt Duchene.
16:59 of 2nd period - Stopped by Jonas Gustavsson with a rebound.
17:08 of 2nd period - Icing by Erik Johnson.
17:09 of 2nd period - Patrik Berglund wins face-off versus Jonathan Toews in Flames zone.
17:15 of 2nd period - Minor Penalty to Jaden Schwartz for Elbowing.
17:16 of 2nd period - Eric Staal wins face-off versus Scott Gomez in Devils zone.
19:07 of 2nd period - Slapshot by Erik Johnson.
19:07 of 2nd period - Shot Blocked by Ben Lovejoy.
19:09 of 2nd period - Slapshot by Sami Vatanen.
19:09 of 2nd period - Shot Blocked by Ben Lovejoy.
19:11 of 2nd period - Snap shot by David Ullstrom.
19:11 of 2nd period - Stopped by Ryan Miller with a rebound.
19:15 of 2nd period - Penalty to Jaden Schwartz is over, Jaden Schwartz is back on ice.
19:19 of 2nd period - Snap shot by Jonathan Ferland.
19:19 of 2nd period - Stopped by Ryan Miller without a rebound.
19:20 of 2nd period - Colin Wilson wins face-off versus Matt Duchene in Devils zone.
19:52 of 2nd period - Wrist shot by Steve Downie.
19:52 of 2nd period - Shot Blocked by Steve Eminger.
19:54 of 2nd period - Snap shot by Travis Hamonic.
19:54 of 2nd period - Deflect By Jonathan Toews.
19:54 of 2nd period - Shot Misses the Net.
19:54 of 2nd period - Puck is out of play.
19:55 of 2nd period - Steve Downie wins face-off versus Eric Staal in Flames zone.
Goals for this period are 0 for Devils vs 2 for Flames.
Shots for this period are 8 for Devils vs 8 for Flames.
3rd period
0:01 of 3rd period - Matt Duchene wins face-off versus Eric Staal in neutral zone.
0:35 of 3rd period - Snap shot by Sami Vatanen.
0:35 of 3rd period - Stopped by Ryan Miller with a rebound.
0:47 of 3rd period - Snap shot by Steve Regier.
0:47 of 3rd period - Shot Misses the Net.
0:49 of 3rd period - Slapshot by Erik Johnson.
0:49 of 3rd period - Deflect By Tyler Cuma.
0:49 of 3rd period - Stopped by Ryan Miller without a rebound.
0:50 of 3rd period - Mikhail Grabovski wins face-off versus Scott Gomez in Devils zone.
2:04 of 3rd period - Colin Wilson is hit by Tyler Bozak and loses puck.
2:23 of 3rd period - Snap shot by Steve Regier.
2:23 of 3rd period - Shot Misses the Net.
2:25 of 3rd period - Slapshot by Tom Poti.
2:25 of 3rd period - Stopped by Ryan Miller without a rebound.
2:26 of 3rd period - Eric Staal wins face-off versus Patrick Kane in Devils zone.
2:29 of 3rd period - Wrist shot by Eric Staal.
2:29 of 3rd period - Stopped by Ryan Miller with a rebound.
2:43 of 3rd period - Snap shot by Alexander Semin.
2:43 of 3rd period - Shot Blocked by Ryan O'Byrne.
2:55 of 3rd period - Wrist shot by Jaden Schwartz.
2:55 of 3rd period - Shot Blocked by Sami Vatanen.
3:16 of 3rd period - Off-side.
3:17 of 3rd period - Scott Gomez wins face-off versus Colin Wilson in neutral zone.
3:48 of 3rd period - Wrist shot by Peter Prucha.
3:48 of 3rd period - Shot Misses the Net.
3:50 of 3rd period - Backhand shot by Steve Eminger.
3:50 of 3rd period - Shot Misses the Net.
3:52 of 3rd period - Wrist shot by Brendan Mikkelson.
3:52 of 3rd period - Deflect By Travis Hamonic.
3:52 of 3rd period - Stopped by Ryan Miller with a rebound.
3:54 of 3rd period - Snap shot by Peter Prucha.
3:54 of 3rd period - Shot Misses the Net.
3:56 of 3rd period - Slapshot by Steve Eminger.
3:56 of 3rd period - Shot Blocked by Travis Hamonic.
3:58 of 3rd period - Slapshot by Peter Prucha.
3:58 of 3rd period - Stopped by Ryan Miller with a rebound.
4:00 of 3rd period - Snap shot by Peter Prucha.
4:00 of 3rd period - Shot Misses the Net.
4:02 of 3rd period - Slapshot by Brendan Mikkelson.
4:02 of 3rd period - Shot Misses the Net.
4:32 of 3rd period - Wrist shot by Brad Marchand.
4:32 of 3rd period - Stopped by Ryan Miller with a rebound.
4:34 of 3rd period - Wrist shot by Colin Wilson.
4:34 of 3rd period - Shot Misses the Net.
4:36 of 3rd period - Backhand shot by Steve Eminger.
4:36 of 3rd period - Shot Blocked by Ben Lovejoy.
4:42 of 3rd period - Snap shot by Colin Wilson.
4:42 of 3rd period - Shot Blocked by Travis Hamonic.
4:44 of 3rd period - Wrist shot by Colin Wilson.
4:44 of 3rd period - Stopped by Ryan Miller with a rebound.
5:00 of 3rd period - Snap shot by Kellan Lain.
5:00 of 3rd period - Shot Blocked by Brendan Mikkelson.
5:16 of 3rd period - Backhand shot by Brad Marchand.
5:16 of 3rd period - Stopped by Ryan Miller with a rebound.
5:18 of 3rd period - Snap shot by Steve Eminger.
5:18 of 3rd period - Shot Blocked by Nikita Kucherov.
5:22 of 3rd period - Snap shot by Peter Prucha.
5:22 of 3rd period - Shot Misses the Net.
5:24 of 3rd period - Slapshot by Brad Marchand.
5:24 of 3rd period - Shot Misses the Net.
5:26 of 3rd period - Snap shot by Colin Wilson.
5:26 of 3rd period - Stopped by Ryan Miller with a rebound.
5:28 of 3rd period - Backhand shot by Steve Eminger.
5:28 of 3rd period - Stopped by Ryan Miller without a rebound.
5:29 of 3rd period - Matt Duchene wins face-off versus Eric Staal in Devils zone.
5:56 of 3rd period - Matt Duchene is hit by Steve Regier and loses puck.
6:08 of 3rd period - Off-side.
6:09 of 3rd period - Jonathan Toews wins face-off versus Eric Staal in neutral zone.
6:12 of 3rd period - David Backes is hit by Steve Downie and loses puck.
7:53 of 3rd period - Colton Parayko is hit by Alexander Semin and loses puck.
8:01 of 3rd period - Minor Penalty to Steve Eminger for Holding.
8:02 of 3rd period - Patrick Kane wins face-off versus Mikhail Grabovski in Flames zone.
8:06 of 3rd period - Slapshot by Patrick Kane.
8:06 of 3rd period - Goal by Patrick Kane - Devils : 2 - Flames : 3.
8:07 of 3rd period - Matt Duchene wins face-off versus Eric Staal in neutral zone.
8:47 of 3rd period - Steve Downie is hit by Peter Prucha and loses puck.
9:21 of 3rd period - Backhand shot by Ondrej Palat.
9:21 of 3rd period - Stopped by Jonas Gustavsson with a rebound.
9:23 of 3rd period - Slapshot by Dmitry Kulikov.
9:23 of 3rd period - Shot Blocked by Steve Eminger.
9:43 of 3rd period - Wrist shot by Eric Staal.
9:43 of 3rd period - Shot Hit the Post.
10:26 of 3rd period - Wrist shot by Scott Gomez.
10:26 of 3rd period - Stopped by Jonas Gustavsson with a rebound.
10:28 of 3rd period - Snap shot by Nikita Kucherov.
10:28 of 3rd period - Shot Misses the Net.
10:38 of 3rd period - Anthony Stewart is hit by Alexander Semin and loses puck.
10:47 of 3rd period - David Backes is hit by Ondrej Palat and loses puck.
11:06 of 3rd period - Patrick Kane is hit by Steve Regier and loses puck.
12:45 of 3rd period - Brad Marchand is hit by Jonathan Toews and loses puck.
12:54 of 3rd period - Slapshot by Brad Marchand.
12:54 of 3rd period - Stopped by Ryan Miller without a rebound.
12:55 of 3rd period - Eric Staal wins face-off versus Matt Duchene in Devils zone.
13:24 of 3rd period - Snap shot by Jonathan Toews.
13:24 of 3rd period - Shot Misses the Net.
13:26 of 3rd period - Wrist shot by Jonathan Toews.
13:26 of 3rd period - Stopped by Jonas Gustavsson without a rebound.
13:27 of 3rd period - Patrik Berglund wins face-off versus Jonathan Toews in Flames zone.
13:48 of 3rd period - Minor Penalty to David Ullstrom for Tripping.
13:49 of 3rd period - Jonathan Toews wins face-off versus Mikhail Grabovski in Flames zone.
14:00 of 3rd period - Brad Marchand is hit by Patrick Kane and loses puck.
14:23 of 3rd period - Backhand shot by Dmitry Kulikov.
14:23 of 3rd period - Goal by Dmitry Kulikov - Devils : 3 - Flames : 3.
14:24 of 3rd period - Eric Staal wins face-off versus Matt Duchene in neutral zone.
14:33 of 3rd period - Wrist shot by Eric Staal.
14:33 of 3rd period - Goal by Eric Staal - Devils : 3 - Flames : 4.
14:34 of 3rd period - Eric Staal wins face-off versus Matt Duchene in neutral zone.
14:41 of 3rd period - Wrist shot by David Backes.
14:41 of 3rd period - Stopped by Ryan Miller with a rebound.
14:43 of 3rd period - Slapshot by Sami Vatanen.
14:43 of 3rd period - Stopped by Ryan Miller with a rebound.
14:45 of 3rd period - Slapshot by Erik Johnson.
14:45 of 3rd period - Deflect By Alexander Semin.
14:45 of 3rd period - Shot Misses the Net.
14:45 of 3rd period - Puck is out of play.
14:46 of 3rd period - Eric Staal wins face-off versus Matt Duchene in Devils zone.
14:57 of 3rd period - Alexander Semin is hit by Ben Lovejoy and loses puck.
15:46 of 3rd period - Snap shot by Jordin Tootoo.
15:46 of 3rd period - Shot Misses the Net.
15:48 of 3rd period - Slapshot by Patrik Berglund.
15:48 of 3rd period - Shot Misses the Net.
15:50 of 3rd period - Snap shot by Patrik Berglund.
15:50 of 3rd period - Shot Blocked by Ryan O'Byrne.
16:05 of 3rd period - Snap shot by Peter Prucha.
16:05 of 3rd period - Stopped by Ryan Miller with a rebound.
16:11 of 3rd period - Patrick Kane is hit by Peter Prucha and loses puck.
16:41 of 3rd period - Slapshot by Patrick Kane.
16:41 of 3rd period - Shot Misses the Net.
16:43 of 3rd period - Backhand shot by Dmitry Kulikov.
16:43 of 3rd period - Stopped by Jonas Gustavsson with a rebound.
16:45 of 3rd period - Wrist shot by Matt Duchene.
16:45 of 3rd period - Stopped by Jonas Gustavsson with a rebound.
16:59 of 3rd period - Erik Johnson is hit by Ben Lovejoy and loses puck.
17:17 of 3rd period - Wrist shot by Peter Prucha.
17:17 of 3rd period - Shot Misses the Net.
17:19 of 3rd period - Slapshot by Tom Poti.
17:19 of 3rd period - Stopped by Ryan Miller without a rebound.
17:20 of 3rd period - Jonathan Toews wins face-off versus Eric Staal in Devils zone.
17:50 of 3rd period - Snap shot by Patrik Berglund.
17:50 of 3rd period - Shot Misses the Net.
18:48 of 3rd period - Devils, Ryan Miller is pulled from the net.
18:48 of 3rd period - Snap shot by Travis Hamonic.
18:48 of 3rd period - Deflect By Sami Vatanen.
18:48 of 3rd period - Stopped by Jonas Gustavsson without a rebound.
18:49 of 3rd period - Jacques Lemaire call a timeout for Devils.
18:49 of 3rd period - Eric Staal wins face-off versus Scott Gomez in Flames zone.
18:49 of 3rd period - Eric Staal is hit by Scott Gomez.
19:08 of 3rd period - Off-side.
19:09 of 3rd period - Eric Staal wins face-off versus Matt Duchene in neutral zone.
Goals for this period are 2 for Devils vs 1 for Flames.
Shots for this period are 8 for Devils vs 17 for Flames.
Back to the Top